 Dungeon Crawl Stone Soup version 0.26-b1-32-g5d43845318 (webtiles) character file.

Game seed: 15527193771530942759

68 Hermit the Skirmisher (level 4, -4/35 HPs)
             Began as a Demonspawn Wanderer on Jan 9, 2021.
             Was an Initiate of Nemelex Xobeh.
             Killed by divine providence
             ... invoked by an orc priest
              (11 damage)
             ... on level 2 of the Dungeon.
             The game lasted 00:01:58 (1850 turns).

Hermit the Skirmisher (Demonspawn Wanderer)         Turns: 1850, Time: 00:01:58

Health: -4/35      AC:  6    Str: 13    XL:     4   Next: 1%
Magic:  4/4        EV: 10    Int: 13    God:    Nemelex Xobeh [......]
Gold:   107        SH:  0    Dex: 13    Spells: 3/3 levels left

rFire    . . .     SeeInvis .   a - +2 spear
rCold    + . .     Faith    .   (no shield)
rNeg     . . .     Spirit   .   n - +0 ring mail
rPois    .         Reflect  .   o - +0 helmet
rElec    .         Harm     .   (no cloak)
rCorr    .         Rampage  .   (no gloves)
Will     .....     Rnd*Tele +   (no boots)
Stlth    +.........             m - amulet of regeneration
HPRegen  0.51/turn              k - ring of teleportation (curse)
MPRegen  0.09/turn              (no ring)

@: no status effects
A: cold resistance 1, sturdy frame 1
a: Renounce Religion, Draw Escape, Draw Destruction, Draw Summoning


You were on level 2 of the Dungeon.
You worshipped Nemelex Xobeh.
Nemelex Xobeh was noncommittal.
You visited 1 branch of the dungeon, and saw 2 of its levels.

You collected 107 gold pieces.

Inventory:

Hand Weapons
 a - a +2 spear (weapon)
 d - a +0 dagger
Missiles
 c - 8 poisoned darts (quivered)
Armour
 n - a +0 ring mail (worn)
 o - a +0 helmet (worn)
Jewellery
 k - a cursed ring of teleportation (left hand)
 m - an amulet of regeneration (around neck)
 p - an uncursed ring of wizardry {unknown}
Scrolls
 h - a scroll of remove curse {unknown}
 i - a scroll of identify
 q - a scroll of teleportation {unknown}
Potions
 b - 3 potions of curing
 e - a potion of heal wounds {unknown}
 f - 3 potions of haste
 g - a potion of attraction {unknown}
 j - 2 potions of resistance {unknown}
 l - 2 potions of lignification {unknown}


   Skills:
 - Level 3.3 Fighting
 - Level 1.7 Long Blades
 + Level 3.3 Polearms
 - Level 1.0 Throwing
 - Level 1.7 Stealth
 - Level 1.0 Shields


You had 3 spell levels left.
You didn't know any spells.
Your spell library was empty.

Dungeon Overview and Level Annotations

Branches:
Dungeon (2/15)

Altars:
Nemelex Xobeh


Innate Abilities, Weirdness & Mutations

Your flesh is cold resistant. (rC+)
Your movements are slightly less encumbered by armour. (ER -2)


Message History

The orc priest is severely wounded.
The orc priest invokes the aid of Beogh against you.
Beogh smites you!
You hit the orc priest.
The orc priest is almost dead.
The orc priest barely misses you.
You barely miss the orc priest.
The orc priest is almost dead.
The orc priest hits you but does no damage.
You hit the orc priest but do no damage.
The orc priest is almost dead.
The orc priest invokes the aid of Beogh against you.
Pain shoots through your body!
* * * LOW HITPOINT WARNING * * *
You hit the orc priest but do no damage.
The orc priest is almost dead.
The orc priest calls down the wrath of Beogh upon you.
Beogh smites you!
You die...
Your body disappears without a glow.

...............
#............ ###..†.......
##...<....##.#
###..#.........#
############...##...##....#
.........##..####....#..###
........o##.## #....#..#
..<....)oo@.# ##......#
........w###..............
...$.....# ..............
......!..# ..........##..
.........# ..........# ..
#####....# ...........
#..... ...... #.....


You could see a worm, an orc priest and 2 orcs.

Vanquished Creatures
  Robin (D:1)
  2 adders
  A dart slug (D:1)
  An orc (D:2)
  A giant cockroach (D:2)
  8 goblins
  4 hobgoblins (D:1)
  4 jackals (D:2)
  A quokka (D:2)
  4 bats
  3 frilled lizards
  6 rats
36 creatures vanquished.

Notes
Turn   | Place    | Note
-------+----------+-------------------------------------------
     0 | D:1      | Hermit the Demonspawn Wanderer began the quest for the Orb.
     0 | D:1      | Hermit set off with the following items: a +2 spear, a
                  | potion of curing, 8 poisoned darts, a +0 dagger, a +0 robe
     0 | D:1      | Reached XP level 1. HP: 18/18 MP: 1/1
    99 | D:1      | Found a sparkling altar of Nemelex Xobeh.
   109 | D:1      | Became a worshipper of Nemelex Xobeh the Trickster
   751 | D:1      | Gained mutation: Your movements are slightly less
                  | encumbered by armour. (ER -2) [demonic ancestry]
   751 | D:1      | Reached XP level 2. HP: 23/24 MP: 2/2
  1194 | D:2      | Reached XP level 3. HP: 29/29 MP: 3/3
  1246 | D:2      | Noticed Robin
  1656 | D:1      | Killed Robin
  1826 | D:2      | Gained mutation: Your flesh is cold resistant. (rC+)
                  | [demonic ancestry]
  1826 | D:2      | Reached XP level 4. HP: 34/35 MP: 4/4
  1850 | D:2      | Killed from afar by an orc priest

Illustrated notes

Levels and vault maps discovered:
D:1:      dpeg_arrival_tiny_f, layout_basic, serial_bayou_ford_a,
          hangedman_decor_push, nemelex_xobeh_ov_fountains_minmay
D:2:      layout_rooms, trog_three_pillars_becter, uniq_robin

Skill      XL: |  1  2  3 |
---------------+----------+-----
Polearms       | 2 3 |  3.3
Fighting       | |  3.3
Long Blades    | |  1.7
Throwing       | |  1.0
Stealth        | |  1.7
Shields        | |  1.0

Action                   |  1- 3 |  4- 6 || total
-------------------------+-------+-------++-------
Melee: Spear             |   130 |    25 ||   155
  Use: Scroll            |     2 |       ||     2
 Stab: Sleeping          |     2 |       ||     2
       Distracted        |     1 |       ||     1
Armor: Ring mail         |    50 |     4 ||    54
Dodge: Dodged            |    70 |     9 ||    79
